| TOP OF THE 1ST |
|
York Revolution batting - Pitching for Chester Pirates : RHP Sung-jae Choo
|
|
Pitching: RHP Sung-jae Choo
|
|
|
Batting: LHB Jonathan Roman
|
0-0: Called Strike 0-1: Ball 1-1: Ball 2-1: Foul Ball, location: 2F 2-2: Ball 3-2: Ground out 6-3 (Groundball, 6, EV 108.1 MPH)
|
|
Batting: RHB Juan Valadez
|
0-0: Ball 1-0: Called Strike 1-1: Ball 2-1: Ball 3-1: Called Strike 3-2: Ground out 5-3 (Groundball, 56, EV 99.4 MPH)
|
|
Batting: RHB Jose Corral
|
0-0: Called Strike 0-1: Called Strike 0-2: Strikes out swinging
|
| Top of the 1st over - 0 runs, 0 hits, 0 errors, 0 left on base; York 0 - Chester 0 |
| BOTTOM OF THE 1ST |
|
Chester Pirates batting - Pitching for York Revolution : RHP Jeff van Schaik
|
|
Pitching: RHP Jeff van Schaik
|
|
|
Batting: LHB Kazuyoshi Ikeda
|
0-0: Swinging Strike 0-1: Swinging Strike 0-2: Strikes out swinging
|
|
Batting: RHB Jon Solis
|
0-0: Ball 1-0: Called Strike 1-1: Ball 2-1: SINGLE (Groundball, 34D, EV 104.4 MPH)
|
|
Batting: RHB Rusty Trader
|
0-0: Ball 1-0: Foul Ball, location: 2F 1-1: Foul Ball, location: 2F 1-2: Ball 2-2: Ball 3-2: Foul Ball, location: 2F 3-2: Strikes out swinging Jon Solis is caught stealing 2nd base 2-4 Batter strikes out.
|
| Bottom of the 1st over - 0 runs, 1 hit, 0 errors, 0 left on base; York 0 - Chester 0 |
| TOP OF THE 2ND |
|
York Revolution batting - Pitching for Chester Pirates : RHP Sung-jae Choo
|
|
Batting: LHB Eric Farren
|
0-0: Ball 1-0: Foul Ball, location: 2F 1-1: Called Strike 1-2: SINGLE (Groundball, 56D, EV 96.9 MPH)
|
|
Batting: RHB Eddie Serna
|
0-0: Ball 1-0: Ball 2-0: Fielders Choice at 2nd, 6-4 (Groundball, 6, EV 108.1 MPH)
|
|
Batting: SHB Steve DeRienzo
|
0-0: Fly out, F6 (Popup, 6D, EV 49.4 MPH)
|
|
Batting: RHB Dave Gallegos
|
0-0: Reached on error, E6 (Groundball, 6, EV 91.9 MPH) Eddie Serna to second
|
|
Batting: RHB Simon Mergeni
|
0-0: Foul Ball, location: 2F 0-1: Fielders Choice at 2nd, 6-4 (Groundball, 56, EV 100.6 MPH)
|
| Top of the 2nd over - 0 runs, 1 hit, 1 error, 2 left on base; York 0 - Chester 0 |
| BOTTOM OF THE 2ND |
|
Chester Pirates batting - Pitching for York Revolution : RHP Jeff van Schaik
|
|
Batting: LHB Chad Cutler
|
0-0: Ball 1-0: Ball 2-0: Called Strike 2-1: Swinging Strike 2-2: Strikes out swinging
|
|
Batting: RHB Ricky Alvarado
|
0-0: Ball 1-0: Foul Ball, location: 2F 1-1: Swinging Strike 1-2: Strikes out swinging
|
|
Batting: RHB Steve Terres
|
0-0: Called Strike 0-1: Called Strike 0-2: Ball 1-2: SINGLE (Line Drive, 3D, EV 101.2 MPH)
|
|
Batting: LHB Damien Cohen
|
0-0: Called Strike 0-1: Ball 1-1: Foul Ball, location: 2F 1-2: Strikes out swinging
|
| Bottom of the 2nd over - 0 runs, 1 hit, 0 errors, 1 left on base; York 0 - Chester 0 |
| TOP OF THE 3RD |
|
York Revolution batting - Pitching for Chester Pirates : RHP Sung-jae Choo
|
|
Batting: RHB Alexis Graciani
|
0-0: Foul Ball, location: 2F 0-1: Ball 1-1: Ball 2-1: Foul Ball, location: 2F 2-2: Foul Ball, location: 2F 2-2: DOUBLE (Groundball, 5L, EV 94.4 MPH)
|
|
Batting: LHB Jonathan Roman
|
0-0: Foul Ball, location: 2F 0-1: Ball 1-1: Called Strike 1-2: Ball 2-2: Ground out 4-3 (Groundball, 4, EV 86.2 MPH) Alexis Graciani to third
|
|
Batting: RHB Juan Valadez
|
0-0: Ball 1-0: Ball 2-0: Called Strike 2-1: Called Strike 2-2: Ball 3-2: Base on Balls
|
|
Batting: RHB Jose Corral
|
0-0: Ball 1-0: Called Strike 1-1: Foul Ball, location: 2F 1-2: Strikes out swinging
|
|
Batting: LHB Eric Farren
|
0-0: Called Strike 0-1: Swinging Strike 0-2: Ball 1-2: Ball 2-2: Foul Ball, location: 2F 2-2: Ball 3-2: Fly out, F8 (Flyball, 89M, EV 90.0 MPH)
|
| Top of the 3rd over - 0 runs, 1 hit, 0 errors, 2 left on base; York 0 - Chester 0 |
| BOTTOM OF THE 3RD |
|
Chester Pirates batting - Pitching for York Revolution : RHP Jeff van Schaik
|
|
Batting: RHB Rafael Galicia
|
0-0: Ball 1-0: Ground out 1-3 (Groundball, 13, EV 66.9 MPH)
|
|
Batting: RHB Matt Derrien
|
0-0: Ball 1-0: Ball 2-0: Ball 3-0: Called Strike 3-1: Foul Ball, location: 2F 3-2: Strikes out swinging
|
|
Batting: LHB Kazuyoshi Ikeda
|
0-0: Called Strike 0-1: Ball 1-1: Called Strike 1-2: Strikes out swinging
|
| Bottom of the 3rd over - 0 runs, 0 hits, 0 errors, 0 left on base; York 0 - Chester 0 |
| TOP OF THE 4TH |
|
York Revolution batting - Pitching for Chester Pirates : RHP Sung-jae Choo
|
|
Batting: RHB Eddie Serna
|
0-0: Reached on error, E6 (Groundball, 6, EV 85.0 MPH)
|
|
Batting: SHB Steve DeRienzo
|
0-0: Called Strike 0-1: SINGLE (Groundball, 3D, EV 101.2 MPH) Eddie Serna to second Runner from 2nd tries for 3rd, SAFE, throw by RF made at trailing runner, OUT! 9-6
|
|
Batting: RHB Dave Gallegos
|
0-0: Foul Ball, location: 2F 0-1: Swinging Strike 0-2: Ball 1-2: Ball 2-2: Fly out, F3 (Popup, 23F, EV 83.1 MPH)
|
|
Batting: RHB Simon Mergeni
|
0-0: Fly out, F8 (Flyball, 8LM, EV 90.6 MPH)
|
| Top of the 4th over - 0 runs, 1 hit, 1 error, 1 left on base; York 0 - Chester 0 |
| BOTTOM OF THE 4TH |
|
Chester Pirates batting - Pitching for York Revolution : RHP Jeff van Schaik
|
|
Batting: RHB Jon Solis
|
0-0: Ball 1-0: Ball 2-0: Foul Ball, location: 2F 2-1: Ball 3-1: Fly out, F8 (Flyball, 8LM, EV 90.0 MPH)
|
|
Batting: RHB Rusty Trader
|
0-0: Ball 1-0: Ball 2-0: Foul Ball, location: 2F 2-1: Ground out 4-3 (Groundball, 4, EV 87.5 MPH)
|
|
Batting: LHB Chad Cutler
|
0-0: Swinging Strike 0-1: Ball 1-1: Swinging Strike 1-2: Ball 2-2: Ball 3-2: Strikes out swinging
|
| Bottom of the 4th over - 0 runs, 0 hits, 0 errors, 0 left on base; York 0 - Chester 0 |
| TOP OF THE 5TH |
|
York Revolution batting - Pitching for Chester Pirates : RHP Sung-jae Choo
|
|
Batting: RHB Alexis Graciani
|
0-0: Fly out, F4 (Popup, 3D, EV 53.8 MPH)
|
|
Batting: LHB Jonathan Roman
|
0-0: Ball 1-0: Ball 2-0: Foul Ball, location: 2F 2-1: Ball 3-1: SINGLE (Flyball, 34D, EV 84.4 MPH)
|
|
Batting: RHB Juan Valadez
|
0-0: Called Strike 0-1: Called Strike 0-2: Ball 1-2: Ball Jonathan Roman is caught stealing 2nd base 2-4 2-2: Foul Ball, location: 2F 2-2: Strikes out swinging
|
| Top of the 5th over - 0 runs, 1 hit, 0 errors, 0 left on base; York 0 - Chester 0 |
| BOTTOM OF THE 5TH |
|
Chester Pirates batting - Pitching for York Revolution : RHP Jeff van Schaik
|
|
Batting: RHB Ricky Alvarado
|
0-0: Ball 1-0: Ball 2-0: Foul Ball, location: 2F 2-1: SINGLE (Line Drive, 8RS, EV 90.6 MPH)
|
|
Batting: RHB Steve Terres
|
0-0: Called Strike 0-1: Swinging Strike 0-2: Ball 1-2: Ball 2-2: Fly out, F9 (Flyball, 89M, EV 91.2 MPH)
|
|
Batting: LHB Damien Cohen
|
0-0: Ball 1-0: Foul Ball, location: 2F 1-1: Swinging Strike 1-2: Foul Ball, location: 2F 1-2: Ball 2-2: Foul Ball, location: 2F 2-2: Ball 3-2: Fly out, F8 (Flyball, 78D, EV 103.8 MPH)
|
|
Pitching: RHP Dusty DuPont
|
|
|
Batting: RHB Rafael Galicia
|
0-0: Called Strike 0-1: Foul Ball, location: 2F 0-2: Strikes out swinging
|
| Bottom of the 5th over - 0 runs, 1 hit, 0 errors, 1 left on base; York 0 - Chester 0 |
| TOP OF THE 6TH |
|
York Revolution batting - Pitching for Chester Pirates : RHP Sung-jae Choo
|
|
Batting: RHB Jose Corral
|
0-0: DOUBLE (Line Drive, 7LS, EV 100.0 MPH)
|
|
Batting: LHB Eric Farren
|
0-0: Intentional Walk
|
|
Batting: RHB Eddie Serna
|
0-0: Ball 1-0: Foul Ball, location: 2F 1-1: Swinging Strike 1-2: Foul Ball, location: 2F 1-2: Foul Ball, location: 2F 1-2: Ball 2-2: Foul Ball, location: 2F 2-2: Foul Ball, location: 2F 2-2: Strikes out looking
|
|
Batting: SHB Steve DeRienzo
|
0-0: Ball 1-0: Ball 2-0: Foul Ball, location: 2F 2-1: Fly out, F7 (Line Drive, 7, EV 91.2 MPH)
|
|
Batting: RHB Dave Gallegos
|
0-0: Foul Ball, location: 2F 0-1: Ground out 4-3 (Groundball, 4, EV 103.8 MPH)
|
| Top of the 6th over - 0 runs, 1 hit, 0 errors, 2 left on base; York 0 - Chester 0 |
| BOTTOM OF THE 6TH |
|
Chester Pirates batting - Pitching for York Revolution : RHP Dusty DuPont
|
|
Batting: RHB Dan Kurtz
|
0-0: Ball 1-0: Foul Ball, location: 2F 1-1: Ball 2-1: SINGLE (Flyball, 3D, EV 88.1 MPH) - OUT at second base trying to stretch hit.
|
|
Batting: LHB Kazuyoshi Ikeda
|
0-0: Called Strike 0-1: Swinging Strike 0-2: Ball 1-2: Ball 2-2: Strikes out swinging
|
|
Pitching: LHP Chad Mroczkowski
|
|
|
Batting: RHB Jon Solis
|
0-0: Ball 1-0: Ball 2-0: Called Strike 2-1: Ball 3-1: SINGLE (Line Drive, 5D, EV 96.2 MPH)
|
|
Batting: RHB Rusty Trader
|
0-0: Called Strike 0-1: Ball 1-1: Swinging Strike 1-2: Ball 2-2: Fielders Choice at 2nd, U6 (Groundball, 6M, EV 106.9 MPH)
|
| Bottom of the 6th over - 0 runs, 2 hits, 0 errors, 1 left on base; York 0 - Chester 0 |
| TOP OF THE 7TH |
|
York Revolution batting - Pitching for Chester Pirates : RHP Sung-jae Choo
|
|
Batting: RHB Simon Mergeni
|
0-0: Ball 1-0: Ball 2-0: Ball 3-0: Base on Balls
|
|
Pitching: LHP Juan Hernandez
|
|
|
Batting: RHB Alexis Graciani
|
0-0: Ball 1-0: 2-RUN HOME RUN (Flyball, 7D, EV 98.1 MPH), Distance : 401 ft
|
|
Batting: LHB Jonathan Roman
|
0-0: Foul Ball, location: 2F 0-1: Foul Ball, location: 2F 0-2: Strikes out swinging
|
|
Batting: RHB Juan Valadez
|
0-0: Ball 1-0: Swinging Strike 1-1: Foul Ball, location: 2F 1-2: Ground out 3-1 (Groundball, 34, EV 85.0 MPH)
|
|
Batting: RHB Jose Corral
|
0-0: Fly out, F7 (Flyball, 7S, EV 78.8 MPH)
|
| Top of the 7th over - 2 runs, 1 hit, 0 errors, 0 left on base; York 2 - Chester 0 |
| BOTTOM OF THE 7TH |
|
Chester Pirates batting - Pitching for York Revolution : LHP Chad Mroczkowski
|
|
Batting: LHB Chad Cutler
|
0-0: Swinging Strike 0-1: Foul Ball, location: 2F 0-2: Ball 1-2: Ball 2-2: Strikes out swinging
|
|
Batting: RHB Ricky Alvarado
|
0-0: Ball 1-0: Ball 2-0: Ball 3-0: Base on Balls
|
|
Batting: RHB Steve Terres
|
0-0: Ball 1-0: Fly out, F7 (Flyball, 7, EV 91.9 MPH)
|
|
Batting: LHB Damien Cohen
|
0-0: Ball 1-0: Called Strike 1-1: Foul Ball, location: 2F 1-2: Foul Ball, location: 2F 1-2: Ground out U3 (Groundball, 3, EV 85.0 MPH)
|
| Bottom of the 7th over - 0 runs, 0 hits, 0 errors, 1 left on base; York 2 - Chester 0 |
| TOP OF THE 8TH |
|
York Revolution batting - Pitching for Chester Pirates : LHP Juan Hernandez
|
|
Pitching: RHP Bill Gomez
|
|
|
Batting: LHB Eric Farren
|
0-0: Foul Ball, location: 2F 0-1: Ball 1-1: Foul Ball, location: 2F 1-2: Foul Ball, location: 2F 1-2: Foul Ball, location: 2F 1-2: Fly out, F9 (Flyball, 9, EV 77.5 MPH)
|
|
Batting: RHB Eddie Serna
|
0-0: Swinging Strike 0-1: Called Strike 0-2: Strikes out looking
|
|
Batting: SHB Steve DeRienzo
|
0-0: Ball 1-0: Ball 2-0: Ball 3-0: Called Strike 3-1: Ground out 5-3 (Groundball, 5L, EV 101.9 MPH)
|
| Top of the 8th over - 0 runs, 0 hits, 0 errors, 0 left on base; York 2 - Chester 0 |
| BOTTOM OF THE 8TH |
|
Chester Pirates batting - Pitching for York Revolution : LHP Chad Mroczkowski
|
|
Batting: RHB Rafael Galicia
|
0-0: Called Strike 0-1: Foul Ball, location: 2F 0-2: Foul Ball, location: 2F 0-2: Foul Ball, location: 2F 0-2: DOUBLE (Line Drive, 9LM, EV 99.4 MPH)
|
|
Batting: RHB Dan Kurtz
|
0-0: Foul Ball, location: 2F 0-1: Foul Ball, location: 2F 0-2: Ball 1-2: Ground out 5-3 (Groundball, 56, EV 96.9 MPH)
|
|
Batting: LHB Kazuyoshi Ikeda
|
0-0: Ball 1-0: SINGLE (Line Drive, 6D, EV 104.4 MPH) Rafael Galicia to third
|
|
Pitching: RHP Travis Hahn
|
|
|
Batting: RHB Jon Solis
|
0-0: Ball 1-0: SINGLE (Groundball, 56D, EV 99.4 MPH) Rafael Galicia scores Kazuyoshi Ikeda to second
|
|
Batting: RHB Rusty Trader
|
0-0: Called Strike 0-1: Ball 1-1: Ball 2-1: Swinging Strike 2-2: Ball 3-2: Strikes out swinging
|
|
Batting: LHB Chad Cutler
|
0-0: Ground out U3 (Groundball, 3, EV 88.1 MPH)
|
| Bottom of the 8th over - 1 run, 3 hits, 0 errors, 2 left on base; York 2 - Chester 1 |
| TOP OF THE 9TH |
|
York Revolution batting - Pitching for Chester Pirates : RHP Bill Gomez
|
|
Pitching: LHP Angel Juarez
|
|
|
Batting: RHB Dave Gallegos
|
0-0: Ball 1-0: Foul Ball, location: 2F 1-1: Ball 2-1: Ball 3-1: Base on Balls
|
|
Batting: RHB Simon Mergeni
|
0-0: Bunted foul 0-1: Sac Bunt to 5S - play at first, batter safe! Dave Gallegos to second
|
|
Pinch Runner at 2nd Ivan Barrientos:
|
|
|
Pinch Hitting: RHB Victor Arias
|
0-0: Swinging Strike 0-1: SINGLE (Groundball, 34S, EV 100.0 MPH) Ivan Barrientos to third Simon Mergeni to second Runner from 3rd tries for Home, throw by RF and OUT! 9-2 Simon Mergeni to third Victor Arias to second
|
|
Batting: LHB Jonathan Roman
|
0-0: Ball 1-0: Ball 2-0: Foul Ball, location: 2F 2-1: Foul Ball, location: 2F 2-2: Strikes out swinging
|
|
Batting: RHB Juan Valadez
|
0-0: Ball 1-0: Ball 2-0: Ball 3-0: Called Strike 3-1: TRIPLE (Flyball, 89XD, EV 105.6 MPH) Simon Mergeni scores Victor Arias scores
|
|
Batting: RHB Jose Corral
|
0-0: Called Strike 0-1: Ball 1-1: Foul Ball, location: 2F 1-2: Ball 2-2: Foul Ball, location: 2F 2-2: 2-RUN HOME RUN (Line Drive, 7D, EV 103.8 MPH), Distance : 413 ft
|
|
Pitching: RHP Pete Griesser
|
|
|
Batting: LHB Eric Farren
|
0-0: Called Strike 0-1: Ball 1-1: Called Strike 1-2: Foul Ball, location: 2F 1-2: Foul Ball, location: 2F 1-2: Strikes out swinging
|
| Top of the 9th over - 4 runs, 4 hits, 0 errors, 0 left on base; York 6 - Chester 1 |
| BOTTOM OF THE 9TH |
|
Chester Pirates batting - Pitching for York Revolution : RHP Travis Hahn
|
|
Now at 1B: Joel Gomez
|
|
|
Now at SS: Jonathan Roman
|
|
|
Now in RF: Ivan Barrientos
|
|
|
Batting: RHB Ricky Alvarado
|
0-0: Swinging Strike 0-1: Ball 1-1: Foul Ball, location: 2F 1-2: Foul Ball, location: 2F 1-2: Strikes out swinging
|
|
Batting: RHB Steve Terres
|
0-0: Ball 1-0: Called Strike 1-1: Called Strike 1-2: Strikes out swinging
|
|
Pinch Hitting: RHB Hector Barajas
|
0-0: Ball 1-0: Foul Ball, location: 2F 1-1: Fly out, F9 (Flyball, 89D, EV 95.0 MPH)
|
| Bottom of the 9th over - 0 runs, 0 hits, 0 errors, 0 left on base; York 6 - Chester 1 |
|